 Dungeon Crawl Stone Soup version 0.17.1-2-g5865329 (webtiles) character file.

93 topkek the Skirmisher (level 4, -1/35 HPs)
             Began as a Demonspawn Fighter on Jan 17, 2016.
             Killed from afar by an orc wizard (2 damage)
             ... with a puff of flame
             ... on level 4 of the Dungeon.
             The game lasted 00:21:11 (2004 turns).

topkek the Skirmisher (Demonspawn Fighter)          Turns: 2004, Time: 00:21:11

Health: -1/35      AC:  9    Str: 17    XL:     4   Next: 37%
Magic:  4/4        EV:  7    Int:  9    God:
Gold:   208        SH:  9    Dex: 16    Spells: 0 memorised, 3 levels left

rFire  . . .     SeeInvis .     a - +1 long sword
rCold  . . .     Clarity  .     b - +0 scale mail
rNeg   . . .     SustAt   .     c - +0 shield
rPois  .         Gourm    .     (helmet restricted)
rElec  .         Spirit   .     o - +1 cloak
rCorr  .         Warding  .     (no gloves)
rMut   .         Stasis   .     (no boots)
MR     .....                    (no amulet)
Stlth  ..........               (no ring)
                                l - +3 ring of dexterity

@: very slightly contaminated, hasted, very quick, not resistant to hostile
enchantments, extremely unstealthy
A: horns 1
a: no special abilities


You were on level 4 of the Dungeon.
You were not hungry.

You visited 1 branch of the dungeon, and saw 4 of its levels.

You collected 208 gold pieces.

Inventory:

Hand Weapons
 a - a +1 long sword (weapon)
Armour
 b - a +0 scale mail (worn)
 c - a +0 shield (worn)
 o - a +1 cloak (worn)
Jewellery
 l - a +3 ring of dexterity (left hand)
Scrolls
 f - 7 scrolls of identify
 n - 3 scrolls of teleportation
Potions
 d - a potion of might
 g - a potion of cancellation
Comestibles
 e - a bread ration
 h - a slice of pizza
 i - 2 meat rations
 j - 2 royal jellies
 k - 4 fruits


   Skills:
 * Level 3.4 Fighting
 + Level 2.4 Long Blades
 + Level 3.3 Armour
 + Level 1.0 Dodging
 * Level 3.3 Shields


You had 3 spell levels left.
You didn't know any spells.

Dungeon Overview and Level Annotations

Branches:
Dungeon (4/15)
 Temple: D:4-7

Altars:
Elyvilon

Annotations:
D:4 Grinder


Innate Abilities, Weirdness & Mutations

You have a pair of small horns on your head.


Message History

The orc wizard looks braver for a moment.
Cornered, the orc turns to fight!
Grinder hits you but does no damage.
The orc wizard gestures at you while chanting.
Helpless, you fail to dodge the puff of frost.
* * * LOW HITPOINT WARNING * * *
You can move again.
Drink which item? (? for menu, Esc to quit)
You feel yourself speed up. You block Grinder's attack.
The orc wizard hits you but does no damage.
You are very lightly contaminated with residual magic.
You closely miss the orc wizard. Your headbutt misses the orc wizard.
The orc wizard is almost dead.
Grinder hits you.
* * * LOW HITPOINT WARNING * * *
You writhe in agony.
* * * LOW HITPOINT WARNING * * *
The orc wizard gestures at you while chanting.
The puff of flame hits you!
You die...

...# .##.##. ...
.. .... #..
.......
#..##.#..#..#
#......<....# #
###.......##. .#
###....o5........
#......@## ..#.#
....#....# ....#
# #####)##....#
#.........#
#.###.###.#
#......# #
#<.##### ##.# #.#


You could see Grinder and an orc wizard.

Vanquished Creatures
  3 adders
  2 oozes (D:1)
  An orc (D:4)
  8 bats
  4 giant cockroaches
  3 goblins (D:2)
  4 hobgoblins
  6 jackals
  4 quokkas
  A ball python (D:3)
  2 giant newts (D:1)
  9 kobolds
  12 rats
  A fungus (D:1)
60 creatures vanquished.

Notes
Turn   | Place    | Note
--------------------------------------------------------------
     0 | D:1      | topkek the Demonspawn Fighter began the quest for the Orb.
     0 | D:1      | Reached XP level 1. HP: 18/18 MP: 1/1
   113 | D:1      | Gained mutation: You have a pair of small horns on your head. [demonic ancestry]
   113 | D:1      | Reached XP level 2. HP: 22/24 MP: 2/2
   320 | D:1      | Reached XP level 3. HP: 26/29 MP: 3/3
   815 | D:2      | Found a white marble altar of Elyvilon.
  1154 | D:2      | Reached XP level 4. HP: 25/35 MP: 4/4
  1454 | D:3      | Reached skill level 1 in Dodging
  1989 | D:4      | Noticed Grinder
  1989 | D:4      | Paralysed by Grinder for 7 turns
  1999 | D:4      | Paralysed by Grinder for 4 turns
  2004 | D:4      | HP: 1/35 [Grinder (3)]
  2004 | D:4      | Killed from afar by an orc wizard

Action                   |  1- 3 |  4- 6 || total
-------------------------+-------+-------++-------
Melee: Long sword        |   128 |    44 ||   172
  Use: Scroll            |     8 |     2 ||    10
       Potion            |       |     6 ||     6
  Eat: Chunk             |     1 |     2 ||     3
       Fruit             |       |     1 ||     1
